 Dungeon Crawl Stone Soup version 0.29-a0-317-gd16b76e6b1 (webtiles) character file.

Game seed: 2908457333477731447

10090 Ajdolov the Grappler (level 11, -2/117 HPs)
             Began as a Troll Delver on Mar 31, 2022.
             Was a Follower of Ru.
             Slain by a vampire mosquito (5 damage)
             ... on level 11 of the Dungeon.
             The game lasted 00:17:36 (9244 turns).

Ajdolov the Grappler (Troll Delver)                 Turns: 9244, Time: 00:17:36

Health: -2/117     AC:  7    Str: 26    XL:     11   Next: 31%
Magic:  10/10      EV:  9    Int:  6    God:    Ru [*.....]
Gold:   787        SH:  0    Dex: 11    Spells: 10/10 levels left

rFire   + . .      SeeInvis .     - Unarmed
rCold   + . .      Faith    .   (no shield)
rNeg    . . .      Spirit   .   L - +0 troll leather armour
rPois   .          Reflect  .   (helmet restricted)
rElec   .          Harm     .   x - +0 cloak
rCorr   .          Rampage  .   (gloves unavailable)
Will    .....                   (boots unavailable)
Stlth   ++........              (no amulet)
HPRegen 1.89/turn               l - ring of protection from cold
MPRegen 0.12/turn               v - ring of protection from fire

@: studying 2 skills
A: large, unfitting armour, claws 3, regeneration 1, shaggy fur 1, tough skin 1,
no poison magic, no summoning magic, no transmutations magic
a: Renounce Religion


You were on level 11 of the Dungeon.
You worshipped Ru.
Ru was aware of your devotion.
You visited 2 branches of the dungeon, and saw 12 of its levels.
You also visited: Bailey.

You collected 787 gold pieces.

Inventory:

Hand Weapons
 e - the +9 heavy crossbow "Sniper" {vorpal, Acc+∞ SInv}
   (You found it in a bailey)

   Any ammunition fired from it inflicts extra damage upon your enemies.
   Any ammunition fired from it never misses its target.
   SInv:      It lets you see invisible.
Missiles
 j - 4 large rocks (quivered)
Armour
 x - a +0 cloak (worn)
 y - a +0 kite shield
 L - a +0 troll leather armour (worn)
Jewellery
 l - a ring of protection from cold (left claw)
 v - a ring of protection from fire (right claw)
 D - a ring of protection from fire
Wands
 f - a wand of digging (3)
 r - a wand of paralysis (10)
 H - a wand of polymorph (4)
 J - a wand of flame (7)
 K - a wand of iceblast (5)
Scrolls
 b - 2 scrolls of fog
 c - 3 scrolls of magic mapping
 d - 4 scrolls of fear
 g - 12 scrolls of identify
 h - 2 scrolls of vulnerability {unknown}
 i - 2 scrolls of immolation {unknown}
 k - 2 scrolls of brand weapon {unknown}
 m - a scroll of silence {unknown}
 n - 2 scrolls of teleportation {unknown}
 u - 8 scrolls of enchant weapon
 w - a scroll of summoning {unknown}
 C - 2 scrolls of amnesia
 F - a scroll of acquirement {unknown}
Potions
 a - 5 potions of heal wounds
 o - 3 potions of brilliance {unknown}
 p - 2 potions of flight {unknown}
 q - 2 potions of ambrosia {unknown}
 s - 3 potions of invisibility {unknown}
 t - 5 potions of curing {unknown}
 z - a potion of berserk rage {unknown}
 A - 3 potions of lignification {unknown}
 B - 4 potions of resistance {unknown}
 E - a potion of cancellation {unknown}
 I - a potion of might {unknown}


   Skills:
 + Level 9.8 Fighting
 - Level 1.5 Dodging
 - Level 2.7 Stealth
 - Level 14.0 Unarmed Combat


You had 10 spell levels left.
You didn't know any spells.
Your spell library contained the following spells:

 Spells                   Type           Power      Damage    Failure   Level
 Apportation              Tloc           0%         N/A       50%         1
 Blink                    Tloc           0%         N/A       65%         2
 Leda's Liquefaction      Hex/Erth       0%         N/A       99%         4
 Passage of Golubria      Tloc           0%         N/A       99%         4
 Lee's Rapid Deconstruct  Erth           0%         3d5*      100%        5
 Manifold Assault         Tloc           0%         N/A       100%        5
 Silence                  Hex/Air        0%         N/A       100%        5
 Lehudib's Crystal Spear  Conj/Erth      0%         10d2      100%        8
 Alistair's Intoxication  Tmut/Pois      Unusable   N/A       N/A         5
 Statue Form              Tmut/Erth      Unusable   N/A       N/A         6
 Storm Form               Tmut/Air       Unusable   N/A       N/A         7

Dungeon Overview and Level Annotations

Branches:
Dungeon (11/15)            Temple (1/1) D:7            Lair (0/6) D:8
 Bailey (visited)
    Orc: D:9-12

Altars:
Cheibriados
Elyvilon
Fedhas
Hepliaklqana
Kikubaaqudgha
Makhleb
Nemelex Xobeh
Okawaru
Qazlal
Ru
Sif Muna
Trog
Uskayaw
Vehumet
Wu Jian
Xom
Yredelemnul
The Shining One

Annotations:
D:9 Erolcha


Innate Abilities, Weirdness & Mutations

You are too large for most types of armour.
You have claws for hands.
Your natural rate of healing is unusually fast.
You are covered in fur. (AC +1)
You have tough skin. (AC +1)
You cannot study or cast Poison magic.
You cannot study or cast Summoning magic.
You cannot study or cast Transmutations magic.


Message History

* * * LOW HITPOINT WARNING * * *
The vampire mosquito draws strength from your injuries!
The vampire mosquito bites you!
* * * LOW HITPOINT WARNING * * *
The vampire mosquito draws strength from your injuries!
It was a potion of heal wounds.
You feel much better. The vampire mosquito bites you!
* * * LOW HITPOINT WARNING * * *
The vampire mosquito draws strength from your injuries!
The vampire mosquito bites you.
* * * LOW HITPOINT WARNING * * *
The vampire mosquito draws strength from your injuries!
The vampire mosquito bites you.
* * * LOW HITPOINT WARNING * * *
The vampire mosquito draws strength from your injuries!
The vampire mosquito bites you.
* * * LOW HITPOINT WARNING * * *
The vampire mosquito draws strength from your injuries!
The vampire mosquito barely misses you. The vampire mosquito bites you.
* * * LOW HITPOINT WARNING * * *
The vampire mosquito draws strength from your injuries!
You can't see any enemies this would affect, really read the scroll of fear?
Okay, then.
Okay, then.
Okay, then.
As you read the scroll labelled BUNLIO XAFFYTATELI, it crumbles to dust.
It is a scroll of identify.
Really abort (and waste the scroll)? [Y]es or [N]o only, please.
Really abort (and waste the scroll)? [Y]es or [N]o only, please.
Really abort (and waste the scroll)? [Y]es or [N]o only, please.
Really abort (and waste the scroll)?
C - 2 scrolls of amnesia The vampire mosquito barely misses you.
The vampire mosquito bites you.
* * * LOW HITPOINT WARNING * * *
The vampire mosquito draws strength from your injuries!
The vampire mosquito bites you.
You die...

#.....(.. #.#######
#############.#######
#...............#....
#........).##.#.#.##.
#..........##.#.#.##.
#..........##)#.#.##.
#..........##.#.#.##.
#..y@y.......[#.#.##.
####y#####.#....#.##.
#..yyy......#.###.##.
#..yy.......#.#..<...
#...........#.#.####.
#...........#.# ..
#...........#.# ..#
#...........#.# .###
#...........#.# #.


You could see 8 vampire mosquitoes.

Vanquished Creatures
  Urug (D:10)
  2 orc knights (Bailey)
  Maggie (D:6)
  A komodo dragon (D:5)
  2 trolls
  2 wraiths
  A wyvern (D:7)
  5 yaks
  Eustachio (D:4)
  2 vampire mosquitoes (D:10)
  A steam dragon (D:6)
  Edmund (D:5)
  A water moccasin (D:5)
  2 sky beasts
  6 ice beasts
  2 black bears
  16 orc warriors
  4 centaurs
  4 kobold brigands
  A phantom (D:5)
  3 bullfrogs (D:8)
  Blork the orc (D:6)
  5 scorpions
  12 wights
  4 killer bees (D:10)
  An electric eel (D:8)
  6 howler monkeys
  5 orc priests
  A gnoll shaman (D:4)
  3 hounds (D:4)
  3 jellies (D:6)
  3 iguanas
  Natasha (twice) (D:4)
  9 orc wizards
  9 adders
  16 gnolls (D:4)
  2 ufetubi (D:6)
  2 worms
  A dart slug (D:4)
  65 orcs
  6 ball pythons
  A bat (D:3)
  3 endoplasms (D:1)
  2 giant cockroaches (D:4)
  7 goblins
  11 hobgoblins
  23 jackals
  6 quokkas
  4 frilled lizards
  12 kobolds
  8 rats
292 creatures vanquished.

Vanquished Creatures (others)
  An orc wizard (D:6)
  An orc (D:6)
  12 fungi (D:8)
  13 plants
27 creatures vanquished.

Grand Total: 319 creatures vanquished

Notes
Turn   | Place    | Note
-------+----------+-------------------------------------------
     0 | D:5      | Ajdolov the Troll Delver began the quest for the Orb.
     0 | D:5      | Reached XP level 1. HP: 22/22 MP: 0/0
   104 | D:5      | Noticed an ice beast
   142 | D:4      | Found a stormy altar of Qazlal.
   146 | D:4      | Noticed Natasha
   152 | D:4      | Noticed a crimson imp
   166 | D:4      | Noticed an iron imp
   171 | D:4      | Killed Natasha
   172 | D:4      | Reached skill level 3 in Unarmed Combat
   172 | D:4      | Reached XP level 2. HP: 29/29 MP: 1/1
   172 | D:4      | Reached XP level 3. HP: 36/36 MP: 2/2
   286 | D:4      | Noticed a black bear
   290 | D:4      | Killed a black bear
   291 | D:4      | Reached skill level 4 in Unarmed Combat
   291 | D:4      | Reached XP level 4. HP: 45/45 MP: 3/3
   329 | D:4      | Reached XP level 5. HP: 52/53 MP: 4/4
   495 | D:4      | Reached skill level 5 in Unarmed Combat
   744 | D:4      | Reached XP level 6. HP: 62/62 MP: 5/5
   808 | D:4      | Noticed Natasha
   818 | D:4      | Killed Natasha
   968 | D:4      | Reached skill level 6 in Unarmed Combat
  1039 | D:4      | Reached XP level 7. HP: 57/71 MP: 6/6
  1160 | D:4      | Noticed Eustachio
  1209 | D:4      | Killed Eustachio
  1210 | D:4      | Reached skill level 7 in Unarmed Combat
  1400 | D:5      | Found a basalt altar of Yredelemnul.
  1400 | D:5      | Noticed a komodo dragon
  1490 | D:3      | Found an ancient bone altar of Kikubaaqudgha.
  1508 | D:3      | You fall into a shaft and drop 3 floors!
  1519 | D:6      | Reached skill level 5 in Fighting
  1599 | D:5      | Reached XP level 8. HP: 80/80 MP: 7/7
  1634 | D:5      | Reached skill level 8 in Unarmed Combat
  1780 | D:5      | Found a glowing golden altar of the Shining One.
  1840 | D:5      | Noticed Edmund
  1851 | D:5      | Killed Edmund
  1916 | D:5      | Reached skill level 9 in Unarmed Combat
  2330 | D:5      | Killed a komodo dragon
  3047 | D:2      | Found a faded altar of an unknown god.
  4362 | D:6      | Reached XP level 9. HP: 89/89 MP: 8/8
  4379 | D:6      | Found a burning altar of Makhleb.
  4420 | D:6      | Reached skill level 10 in Unarmed Combat
  4450 | D:6      | Noticed Blork the orc
  4458 | D:6      | Killed Blork the orc
  4715 | D:6      | Found a shimmering altar of Xom.
  4753 | D:6      | Reached skill level 11 in Unarmed Combat
  5110 | D:6      | Noticed Maggie
  5117 | D:6      | Killed Maggie
  5619 | D:7      | Found a staircase to the Ecumenical Temple.
  5626 | Temple   | Entered the Ecumenical Temple
  5702 | Temple   | Became a worshipper of Ru the Awakened
  5794 | D:7      | Reached XP level 10. HP: 102/102 MP: 9/9
  5876 | D:7      | Reached skill level 12 in Unarmed Combat
  6520 | D:8      | Found a staircase to the Lair.
  7103 | D:9      | Found a flagged portal.
  7108 | D:9      | Gained mutation: You cannot study or cast Poison magic. [Ru
                  | sacrifice]
  7108 | D:9      | Gained mutation: You cannot study or cast Transmutations
                  | magic. [Ru sacrifice]
  7108 | D:9      | Gained mutation: You cannot study or cast Summoning magic.
                  | [Ru sacrifice]
  7108 | D:9      | Reached * piety under Ru
  7111 | Bailey   | Entered a bailey
  7223 | Bailey   | Reached skill level 13 in Unarmed Combat
  7462 | Bailey   | Found the +9 heavy crossbow "Sniper" {vorpal, Acc+∞ SInv}
  7462 | Bailey   | Noticed an orc knight
  7462 | Bailey   | Noticed an orc knight
  7485 | Bailey   | Killed an orc knight
  7501 | Bailey   | Killed an orc knight
  7785 | D:9      | Noticed Erolcha
  7829 | D:8      | Reached XP level 11. HP: 102/110 MP: 10/10
  8125 | D:10     | Entered Level 10 of the Dungeon
  8185 | D:10     | Reached skill level 14 in Unarmed Combat
  8385 | D:10     | Noticed Urug
  8410 | D:10     | Killed Urug
  9082 | D:10     | Found a shimmering blue altar of Sif Muna.
  9244 | D:11     | HP: 3/117 [vampire mosquito (6)]
  9244 | D:11     | Slain by a vampire mosquito

Illustrated notes

Levels and vault maps discovered:
D:1:      dpeg_chamrin_arrival_tetris, layout_basic
D:2:      layout_rooms, ebering_ecumenical_altar_petrified
D:3:      layout_loops_ring, mainiacjoe_overflow_alcove_4
D:4:      lemuel_castle_with_subvaults [lemuel_castle_interior_carwin_1],
          layout_gridville, mainiacjoe_overflow_cross_hatched,
          minmay_misc_feat_cross, uniq_natasha, uniq_eustachio
D:5:      layout_basic, hangedman_feature_mirror, uniq_edmund
D:6:      layout_basic, xom_confusion_cloud, lemuel_tele_altar, uniq_maggie,
          uniq_blork_the_orc
D:7:      layout_cave_pools, minmay_temple_entry_junction_2
D:8:      layout_basic, grunt_lair_entry_orc_guard_hut, lightli_minifort
D:9:      layout_rooms, gammafunk_temple_overflow_wave,
          mainiacjoe_overflow_boulevard, enter_bailey_2, palyth_stone_intersect,
          uniq_psyche, uniq_erolcha
D:10:     layout_basic, lemuel_blue_sif_altar, uniq_urug
D:11:     layout_basic, ebering_ghost_funeral_grove
Temple:   eino_temple_water

Skill      XL: |  1  2  3  4  5  6  7  8  9 10 11 |
---------------+----------------------------------+-----
Unarmed Combat | 3 4 5 6 7 9 11 13 14 | 14.0
Fighting       | 3 4 5 6 7 8 9 |  9.8
Dodging        | |  1.5
Stealth        | |  2.7

Action                   |  1- 3 |  4- 6 |  7- 9 | 10-12 || total
-------------------------+-------+-------+-------+-------++-------
Melee: Unarmed           |    10 |   140 |   375 |   269 ||   794
       Punch             |       |     4 |    13 |    22 ||    39
Throw: Large rock        |     2 |       |     2 |       ||     4
       Throwing net      |       |       |       |     1 ||     1
Invok: Sacrifice Arcana  |       |       |       |     1 ||     1
       Reject Sacrifices |       |       |       |     1 ||     1
  Use: Potion            |       |       |       |     2 ||     2
       Scroll            |       |       |       |     1 ||     1
 Stab: Distracted        |       |     1 |       |       ||     1
       Sleeping          |       |       |    11 |     4 ||    15
Armor: Robe              |     2 |    35 |    82 |       ||   119
       Steam dragon scal |       |       |    14 |    81 ||    95
       Troll leather arm |       |       |       |    11 ||    11
Dodge: Dodged            |     4 |    74 |   138 |   131 ||   347

Table legend: (Time is in decaauts)
 A = Elapsed time spent in this place.
 B = Non-inter-level travel time spent in this place.
 C = Inter-level travel time spent in this place.
 D = Time resting spent in this place.
 E = Time spent auto-exploring this place.
 F = Levels seen in this place.
 G = Mean time per level.
                   A        B        C        D        E       F      G
               +--------+--------+--------+--------+--------+-----+--------+
         Total |   9098 |   8588 |    510 |    357 |   6043 |  13 |  699.8 |
       Dungeon |   8498 |   8031 |    467 |    258 |   5840 |  11 |  772.5 |
        Temple |     95 |     52 |     43 |      0 |     41 |   1 |   95.0 |
        Bailey |    504 |    504 |      0 |     98 |    162 |   1 |  504.0 |
               +--------+--------+--------+--------+--------+-----+--------+

Top non-repeatable levels by time:
     D:4: 1294 daAuts
     D:6: 1226 daAuts
     D:8: 1018 daAuts
     D:5: 995 daAuts
    D:10: 986 daAuts
     D:1: 821 daAuts
     D:3: 679 daAuts
     D:7: 638 daAuts
  Bailey: 504 daAuts
     D:2: 442 daAuts
     D:9: 286 daAuts
    D:11: 111 daAuts
  Temple: 95 daAuts
